 Dungeon Crawl Stone Soup version 0.31.0-12-g77e489cdc1 (webtiles) character file.

Game seed: 10551312686481537221

754 ChadusMaximus the Summoner (level 7, -5/46 HPs)
             Began as a Barachi Summoner on Mar 3, 2024.
             Slain by an orc warrior
             ... wielding a +0 mace
              (9 damage)
             ... on level 4 of the Dungeon.
             The game lasted 00:05:42 (3836 turns).

ChadusMaximus the Summoner (Barachi Summoner)       Turns: 3836, Time: 00:05:43

Health: -5/46      AC:  5    Str: 10    XL:     7   Next: 79%
Magic:  7/14       EV: 12    Int: 17    God:
Gold:   73         SH:  0    Dex: 12    Spells: 6/16 levels left

rFire   + . .        k - +0 sling
rCold   . . .        (no shield)
rNeg    . . .        g - +2 robe {rF+}
rPois   .            f - +0 helmet
rElec   .            q - scarf {shadows}
rCorr   .            (no gloves)
SInv    .            (no boots)
Will    .....        (no amulet)
Stlth   ++           (no ring)
HPRegen 0.27/turn    (no ring)
MPRegen 0.14/turn

%: no passive effects
@: unable to hop, inugami summoned, slow
A: amphibious, slowness 1, strong legs 1, +LOS
a: Hop


You were on level 4 of the Dungeon.
You visited 1 branch of the dungeon, and saw 4 of its levels.
You also visited: Sewer.

You collected 73 gold pieces.

Inventory:

Hand Weapons
 e - a +0 war axe
 k - a +0 sling (weapon)
Armour
 a - a +0 robe
 f - a +0 helmet (worn)
 g - a +2 robe of fire resistance (worn)
 q - a scarf of shadows (worn)
Scrolls
 d - 4 scrolls of identify {unknown}
 h - a scroll of fear {unknown}
 i - 2 scrolls of teleportation {unknown}
 m - a scroll of fog {unknown}
Potions
 b - 2 potions of magic
 c - a potion of attraction
 j - 2 potions of might {unknown}
 l - 3 potions of resistance {unknown}
 n - a potion of curing
 o - a potion of invisibility {unknown}
 p - a potion of mutation {unknown}
 r - a potion of cancellation {unknown}
 s - a potion of berserk rage {unknown}
 t - a potion of haste {unknown}
 u - 2 potions of enlightenment {unknown}


   Skills:
 - Level 2.1 Dodging
 - Level 1.7 Stealth
 + Level 5.3 Spellcasting
 * Level 9.5 Summonings


You had 6 spell levels left.
You knew the following spells:

 Your Spells              Type           Power      Damage    Failure   Level
a - Summon Small Mammal   Summ           100%       N/A       1%          1
b - Call Canine Familiar  Summ           36%        N/A       1%          3
c - Call Imp              Summ           72%        N/A       1%          2
d - Summon Lightning Spi  Summ/Air       20%        N/A       19%         4

Your spell library contained the following spells:

 Spells                   Type           Power      Damage    Failure   Level
 Kiss of Death            Conj/Necr      16%        2d6       14%         1
 Summon Blazeheart Golem  Fire/Summ      20%        N/A       19%         4
 Confusing Touch          Hex            4%         N/A       38%         3
 Tukima's Dance           Hex            4%         N/A       38%         3
 Dimensional Bullseye     Hex/Tloc       2%         N/A       80%         4
 Dispel Undead            Necr           4%         3d7       80%         4
 Iskenderun's Mystic Bla  Conj/Tloc      4%         2d3       80%         4


Dungeon Overview and Level Annotations

Branches:
Dungeon (4/15)              Sewer (visited)
 Temple: D:4-7

Altars:
Zin

Shops:
D:3 *[


Innate Abilities, Weirdness & Mutations

You are amphibious.
You cover ground slowly.
You can hop short distances.
You have an extended range of vision and can be seen from far away.


Message History

The orc wizard casts a spell at you.
Your quokka appears confused.
Your inugami hits something.
The orc warrior hits you with a +0 mace.
Your cerulean imp closely misses the orc wizard.
Something closely misses your inugami.
The orc wizard hits your quokka with a +3 dagger of freezing!
The orc wizard freezes your quokka.
Your quokka dies!
Your quokka's corpse disappears in a puff of smoke!
Your inugami barely misses something.
The orc warrior attacks as it pursues you!
The orc warrior hits you with a +0 mace.
Your cerulean imp closely misses the orc wizard.
Something completely misses your inugami.
Casting: Summon Small Mammal (safe; 1% risk of failure)
Confirm with . or Enter, or press ? or * to list all spells.
Your inugami hits something.
Reactivating autopickup.
You feel a bit more experienced.
The orc warrior hits you with a +0 mace!
Your cerulean imp hits the orc wizard from afar with a -1 spear.
You swap places.
Your bat hits the orc warrior but does no damage.
The orc wizard hits your bat with a +3 dagger of freezing.
The orc wizard freezes your bat.
Your bat dies!
Your bat's corpse disappears in a puff of smoke!
Your cerulean imp closely misses the orc wizard.
The orc warrior attacks as it pursues you!
The orc warrior hits you with a +0 mace.
* * * LOW HITPOINT WARNING * * *
Unknown command.
Casting: Summon Small Mammal (safe; 1% risk of failure)
Confirm with . or Enter, or press ? or * to list all spells.
Your cerulean imp hits the orc wizard from afar with a -1 spear.
The orc warrior hits you with a +0 mace!
* * * LOW HITPOINT WARNING * * *
The orc warrior hits you with a +0 mace!
You die...

.. #.......##...... .
..#.#####...#### . #
##.### .. # #####..#####
... #. #............
.... #.### #...........#
.... ...###..)........#
#..##o#ยง.).......$..#
#...@orh5............
.....#########..........
... #.######### . #..
#.## .#


You could see an orc warrior, an orc wizard (ally target), a friendly cerulean
imp (summoned), a friendly inugami (summoned) and a friendly rat (summoned).

Vanquished Creatures
  4 adders
  A dart slug (D:1)
  7 bats
  7 endoplasms
  2 giant cockroaches
  A hobgoblin (D:2)
  3 jackals
  4 kobolds (D:1)
  4 quokkas
  8 ball pythons
  5 frilled lizards
  3 goblins
  5 rats
54 creatures vanquished.

Vanquished Creatures (collateral kills)
  Sigmund (D:2)
  Pargi (Sewer)
  An ogre (D:4)
  A phantom (D:4)
  2 brain worms (Sewer)
  Jessica (D:3)
  An orc wizard (D:4)
  6 adders
  An orc (D:4)
  4 bats
  An endoplasm (D:1)
  3 giant cockroaches
  3 hobgoblins
  9 jackals
  A kobold (D:1)
  A ball python (D:2)
  2 frilled lizards
  3 goblins
  2 rats
44 creatures vanquished.

Grand Total: 98 creatures vanquished

Notes
Turn   | Place    | Note
-------+----------+-------------------------------------------
     0 | D:1      | ChadusMaximus the Barachi Summoner began the quest for the
                  | Orb.
     0 | D:1      | Reached XP level 1. HP: 13/13 MP: 3/3
   126 | D:1      | Reached skill level 5 in Summonings
   226 | D:1      | Reached XP level 2. HP: 19/19 MP: 1/5
   601 | D:1      | Reached XP level 3. HP: 13/24 MP: 4/7
  1367 | D:2      | Reached skill level 6 in Summonings
  1380 | D:2      | Reached XP level 4. HP: 19/30 MP: 6/8
  1643 | D:2      | Noticed Sigmund
  1726 | D:2      | Learned a level 3 spell: Call Canine Familiar
  1729 | D:2      | Learned a level 2 spell: Call Imp
  1924 | D:2      | Killed Sigmund
  1925 | D:2      | Reached skill level 7 in Summonings
  1925 | D:2      | Reached XP level 5. HP: 35/35 MP: 5/11
  1925 | D:2      | Reached XP level 6. HP: 41/41 MP: 5/12
  2281 | D:3      | Found Zin's Purification Station.
  2281 | D:3      | Found a glowing silver altar of Zin.
  2383 | D:3      | Noticed Jessica
  2402 | D:3      | Killed Jessica
  2492 | D:3      | Found a glowing drain.
  2512 | Sewer    | Entered a sewer
  2527 | Sewer    | Reached skill level 8 in Summonings
  2624 | Sewer    | Reached XP level 7. HP: 46/46 MP: 6/13
  2712 | Sewer    | Noticed Pargi
  2727 | Sewer    | Killed Pargi
  3209 | D:3      | Found Leutexel's Antique Armour Shop.
  3686 | D:3      | Learned a level 4 spell: Summon Lightning Spire
  3752 | D:4      | Reached skill level 5 in Spellcasting
  3752 | D:4      | Reached skill level 9 in Summonings
  3836 | D:4      | Slain by an orc warrior

Illustrated notes

Levels and vault maps discovered:
D:1:      dpeg_arrival_water_fire, layout_basic, minmay_strange_pillars
D:2:      minmay_razor_zed, layout_basic, uniq_sigmund
D:3:      layout_loops_cross, zin_purify, serial_shops,
          nicolae_shop_rolling_square, portal_sewer_entry_d,
          saegor_snake_ambush, uniq_jessica
D:4:      layout_rooms, lemuel_tele_altar, serial_shops, nicolae_stop_n_shop_2,
          hangedman_decor_lopped, uniq_duvessa

Skill      XL: |  1  2  3  4  5  6  7 |
---------------+----------------------+-----
Summonings     | 5 6 7 8 9 |  9.5
Spellcasting   | 3 4 5 |  5.3
Dodging        | |  2.1
Stealth        | |  1.7

Action                     |  1- 3 |  4- 6 |  7- 9 || total
---------------------------+-------+-------+-------++-------
  Melee: Unarmed           |    17 |       |       ||    17
         Punch             |     1 |       |       ||     1
         War axe           |    66 |       |       ||    66
         Sling             |       |       |     1 ||     1
   Fire: Sling             |    38 |    87 |    50 ||   175
   Cast: Summon Small Mamm |    33 |     5 |     6 ||    44
         Call Canine Famil |       |     8 |     3 ||    11
         Call Imp          |       |     7 |     5 ||    12
Ability: Hop               |     2 |     1 |     1 ||     4
    Use: Potion            |     3 |       |       ||     3
   Stab: Distracted        |     1 |       |       ||     1
         Sleeping          |     1 |       |       ||     1
 Armour: Robe              |   104 |    42 |    46 ||   192
  Dodge: Dodged            |   102 |    49 |    31 ||   182
